 Dungeon Crawl Stone Soup version 0.30-a0-696-g2367cd04db (webtiles) character file.

Game seed: 8006766404213147984

116 warriortoast the Trooper (level 5, -6/43 HPs)
             Began as a Barachi Fighter on Jan 20, 2023.
             Killed by nerve-wracking pain
             ... invoked by an orc priest
              (13 damage)
             ... on level 2 of the Dungeon.
             The game lasted 00:08:08 (2056 turns).

warriortoast the Trooper (Barachi Fighter)          Turns: 2056, Time: 00:08:08

Health: -6/43      AC: 10    Str: 17    XL:     5   Next: 0%
Magic:  5/5        EV:  9    Int: 10    God:
Gold:   152        SH:  5    Dex: 12    Spells: 4/4 levels left

rFire   . . .      SeeInvis .    a - +0 flail
rCold   . . .      Faith    .    c - +0 buckler
rNeg    . . .      Spirit   .    b - +0 scale mail
rPois   .          Reflect  .    (no helmet)
rElec   .          Harm     .    (no cloak)
rCorr   .          Rampage  .    g - +1 pair of gloves
Will    .....                    h - +0 pair of boots Stlth
                                 (no amulet)
HPRegen 0.27/turn                (no ring)
MPRegen 0.09/turn                (no ring)

@: slow
A: amphibious, slowness 1, strong legs 1, +LOS
a: Hop


You were on level 2 of the Dungeon.
You visited 1 branch of the dungeon, and saw 3 of its levels.

You collected 152 gold pieces.

Inventory:

Hand Weapons
 a - a +0 flail (weapon)
Missiles
 r - 4 poisoned darts (quivered)
Armour
 b - a +0 scale mail (worn)
 c - a +0 buckler (worn)
 g - a +1 pair of gloves (worn)
 h - a +0 pair of boots (worn)
Wands
 o - a wand of roots (10)
Scrolls
 i - 4 scrolls of teleportation {unknown}
 j - a scroll of amnesia {unknown}
 l - a scroll of immolation {unknown}
 m - a scroll of enchant armour {unknown}
 p - a scroll of magic mapping {unknown}
 q - a scroll of identify {unknown}
 s - a scroll of noise {unknown}
Potions
 e - a potion of haste {unknown}
 f - 2 potions of mutation {unknown}
 k - a potion of invisibility {unknown}
 n - a potion of attraction {unknown}
 t - a potion of curing {unknown}


   Skills:
 + Level 4.6 Fighting
 + Level 3.2 Maces & Flails
 + Level 4.5 Armour
 + Level 4.1 Shields


You had 4 spell levels left.
You didn't know any spells.
Your spell library contained the following spells:

 Spells                   Type           Power      Damage    Failure   Level
 Magic Dart               Conj           0%         1d3       85%         1
 Searing Ray              Conj           0%         2d4       94%         2
 Fulminant Prism          Conj/Hex       0%         3d5       100%        4


Dungeon Overview and Level Annotations

Branches:
Dungeon (3/15)

Altars:
Kikubaaqudgha


Innate Abilities, Weirdness & Mutations

You are amphibious.
You cover ground slowly.
You can hop short distances.
You have an extended range of vision and can be seen from far away.


Message History

You sock the adder!
You kill the adder!
You have reached level 5!
You start resting.
HP restored.
You start waiting.
Done waiting.
You climb downwards.
There is a stone staircase leading up here.
Welcome back, warriortoast the Barachi Fighter.
Press ? for a list of commands and other information.
You thump the orc priest!
The orc priest is heavily wounded.
The orc priest looks satisfied for a moment.
You hit the orc priest but do no damage.
The orc priest is heavily wounded.
The orc priest mumbles some strange prayers to Beogh against you.
Pain shoots through your body!
The orc priest hits you but does no damage.
You barely miss the orc priest.
The orc priest is heavily wounded.
The orc priest closely misses you.
The orc priest invokes the aid of Beogh against you.
Beogh smites you!
You climb upwards.
There is a stone staircase leading down, spattered with blood here.
You barely miss the orc priest.
The orc priest is heavily wounded.
The orc priest hits you with a +0 falchion.
You hit the orc priest.
The orc priest is heavily wounded.
The orc priest hits you with a +0 falchion.
You hit the orc priest but do no damage.
The orc priest is heavily wounded.
The orc priest calls down the wrath of Beogh upon you.
Beogh smites you!
* * * LOW HITPOINT WARNING * * *
The orc priest invokes the aid of Beogh against you.
Pain shoots through your body!
You die...

##..............(....# #.....
#....................# #..#..
#........###.........######..#..
#.#......# #.................#..
#.##...#.# #....<...............
#.######.# #.............#......
#..# #.# #.........#####......
###.# #.# #..o.[....# #####.#
....# #.# #...@.....# #.# ###.#
#.# ########### #.# #)# #.###
#.# #.# #...# #.# ###.# ###.#
#<. ....#######.# ##.
###......##.# #.
######.##.######## #.
#.##........# #.


You could see an orc priest.

Vanquished Creatures
  An orc wizard (D:2)
  3 adders
  A dart slug (D:1)
  An orc (D:3)
  8 endoplasms
  3 giant cockroaches
  10 hobgoblins
  3 jackals (D:3)
  A quokka (D:3)
  3 ball pythons
  6 bats (D:2)
  5 frilled lizards
  6 goblins
  4 kobolds
  3 rats
58 creatures vanquished.

Vanquished Creatures (others)
  3 withered plants (D:3)
3 creatures vanquished.

Grand Total: 61 creatures vanquished

Notes
Turn   | Place    | Note
-------+----------+-------------------------------------------
     0 | D:1      | warriortoast the Barachi Fighter began the quest for the
                  | Orb.
     0 | D:1      | Reached XP level 1. HP: 18/18 MP: 1/1
    99 | D:1      | Reached XP level 2. HP: 20/25 MP: 2/2
   492 | D:1      | Reached XP level 3. HP: 25/30 MP: 3/3
   606 | D:1      | Found a faded altar of an unknown god.
  1058 | D:2      | Reached XP level 4. HP: 37/37 MP: 4/4
  1456 | D:3      | Found an ancient bone altar of Kikubaaqudgha.
  1928 | D:2      | Reached XP level 5. HP: 38/43 MP: 5/5
  2056 | D:2      | Killed from afar by an orc priest

Illustrated notes

Levels and vault maps discovered:
D:1:      mainiacjoe_arrival_reflecting_pool, layout_basic,
          hellmonk_ecumenical_altar_inner_sanctum
D:2:      layout_loops_ring, chequers_serial_rivers_micro_b
D:3:      layout_loops_ring, mainiacjoe_overflow_paths,
          kiku_gazebo_garden_becter, minmay_liquid_box,
          hangedman_decor_slide_cut

Skill      XL: |  1  2  3  4 |
---------------+-------------+-----
Fighting       | 4 |  4.6
Armour         | 4 |  4.5
Maces & Flails | 3 |  3.2
Shields        | 4 |  4.1

Action                   |  1- 3 |  4- 6 || total
-------------------------+-------+-------++-------
Melee: Flail             |   141 |    98 ||   239
Throw: Dart              |       |     6 ||     6
 Abil: Hop               |     1 |     1 ||     2
  Use: Potion            |       |     1 ||     1
Armor: Scale mail        |   107 |    65 ||   172
Dodge: Dodged            |    93 |    42 ||   135
Block: Buckler           |    38 |    12 ||    50

Table legend: (Time is in decaauts)
 A = Elapsed time spent in this place.
 B = Non-inter-level travel time spent in this place.
 C = Inter-level travel time spent in this place.
 D = Time resting spent in this place.
 E = Time spent auto-exploring this place.
 F = Levels seen in this place.
 G = Mean time per level.
                   A        B        C        D        E       F      G
               +--------+--------+--------+--------+--------+-----+--------+
         Total |   2393 |   2294 |     99 |    326 |   1338 |   3 |  797.7 |
       Dungeon |   2393 |   2294 |     99 |    326 |   1338 |   3 |  797.7 |
               +--------+--------+--------+--------+--------+-----+--------+

Top non-repeatable levels by time:
     D:2: 1102 daAuts
     D:1: 829 daAuts
     D:3: 461 daAuts
